 Dungeon Crawl Stone Soup version 0.23.0-3-gf3c87f2 (webtiles) character file.

Game seed: 7860734941244035004

586 Lanoc the Twirler (level 7, -2/61 HPs)
             Began as a Deep Elf Gladiator on Feb 24, 2019.
             Slain by an orc priest
             ... wielding a +0 flail
              (4 damage)
             ... on level 5 of the Dungeon.
             The game lasted 00:10:21 (4305 turns).

Lanoc the Twirler (Deep Elf Gladiator)              Turns: 4305, Time: 00:10:21

Health: -2/61      AC:  5    Str: 16    XL:     7   Next: 15%
Magic:  9/11       EV: 15    Int: 15    God:
Gold:   164        SH:  3    Dex: 16    Spells: 7/9 levels left

rFire    . . .     SeeInvis .   a - +0 quarterstaff
rCold    . . .     Gourm    .   (shield currently unavailable)
rNeg     . . .     Faith    .   b - +0 leather armour
rPois    .         Spirit   .   n - +1 helmet
rElec    .         Reflect  +   (no cloak)
rCorr    .         Harm     .   (no gloves)
MR       .....                  (no boots)
Stlth    ..........             o - +3 amulet of reflection
HPRegen  0.20/turn              (no ring)
MPRegen  0.12/turn              (no ring)

@: berserking, very slightly contaminated, very quick
A: wild magic 1, MP-powered wands
a: no special abilities


You were on level 5 of the Dungeon.
You were not hungry.

You visited 1 branch of the dungeon, and saw 5 of its levels.

You collected 164 gold pieces.

Inventory:

Hand Weapons
 a - a +0 quarterstaff (weapon)
Missiles
 d - 3 throwing nets (quivered)
Armour
 b - a +0 leather armour (worn)
 n - a +1 helmet (worn)
Jewellery
 o - a +3 amulet of reflection (around neck)
Wands
 g - a wand of flame (32)
Scrolls
 c - a scroll of enchant weapon
 e - a scroll of remove curse
 i - a scroll of enchant armour {unknown}
 k - 2 scrolls of identify
 q - 2 scrolls of amnesia
Potions
 l - a potion of magic
 r - a potion of brilliance {unknown}
Comestibles
 f - 4 rations
 h - 2 chunks of flesh


   Skills:
 + Level 3.3 Fighting
 * Level 5.9 Staves
 - Level 2.0 Throwing
 + Level 5.6 Dodging
 + Level 1.5 Spellcasting
 * Level 2.3 Hexes


You had 7 spell levels left.
You knew the following spells:

 Your Spells              Type           Power        Failure   Level  Hunger
a - Ensorcelled Hibernat  Hex/Ice        #.....       34%         2    ###....

Your spell library contained the following spells:

 Spells                   Type           Power        Failure   Level  Hunger
 Corona                   Hex            ##.....      16%         1    ##.....
 Confuse                  Hex            ##......     41%         3    ####...
 Tukima's Dance           Hex            ##......     41%         3    ####...
 Dazzling Spray           Conj/Hex       #.....       56%         3    ####...


Dungeon Overview and Level Annotations

Branches:
Dungeon (5/15)
 Temple: D:4-7

Altars:
Trog
Vehumet

Annotations:
D:4 2 transporters


Innate Abilities, Weirdness & Mutations

Your spells are a little harder to cast, but a little more powerful.
You expend magic power (3 MP) to strengthen your wands.


Message History

The orc priest mumbles some strange prayers to Beogh against you.
Beogh smites you!
* * * LOW HITPOINT WARNING * * *
The orc closely misses you.
It was a potion of mutation.
You feel extremely strange.
You feel your magical essence link to your wands.
You feel less in control of your magic.
The orc priest invokes the aid of Beogh against you.
Beogh smites you!
* * * LOW HITPOINT WARNING * * *
You block the orc's attack.
It was a potion of berserk rage.
A red film seems to cover your vision as you go berserk!
You feel yourself moving faster!
You feel mighty!
The orc priest looks braver for a moment.
The orc barely misses you.
You hit the orc priest.
The orc priest is severely wounded.
The orc priest hits you with a +0 flail.
You die...

#.. #.# #### #..
....####.#
.........#
.........#####.#
.......)........
........o###
........o@.####...
..................
#########.#####...
#.# #.# #####.#
#...[.#
#.....#####
#.....#.)<#


You could see an orc priest and an orc.

Vanquished Creatures
  2 eyes of draining (D:4)
  A big kobold (D:5)
  A scorpion (D:5)
  A howler monkey (D:4)
  A jelly (D:5)
  An iguana (D:4)
  2 worker ants (D:4)
  5 adders
  A gnoll (D:4)
  An adder skeleton (D:5)
  2 worms
  A dart slug (D:1)
  3 leopard geckos
  4 orcs
  6 bats
  4 giant cockroaches
  5 goblins
  5 hobgoblins
  4 jackals (D:4)
  3 quokkas
  2 frilled lizards (D:1)
  14 kobolds
  5 rats
74 creatures vanquished.

Vanquished Creatures (others)
  An orc priest (D:3)
  An adder (D:3)
  2 orcs (D:3)
4 creatures vanquished.

Grand Total: 78 creatures vanquished

Notes
Turn   | Place    | Note
-------+----------+-------------------------------------------
     0 | D:1      | Lanoc the Deep Elf Gladiator began the quest for the Orb.
     0 | D:1      | Reached XP level 1. HP: 12/12 MP: 3/3
    59 | D:1      | Reached XP level 2. HP: 5/17 MP: 4/4
  1122 | D:2      | Reached XP level 3. HP: 20/21 MP: 5/5
  1708 | D:2      | Noticed an ogre
  2008 | D:3      | Found a radiant altar of Vehumet.
  2156 | D:3      | Reached XP level 4. HP: 9/26 MP: 6/6
  2720 | D:4      | Found a transporter.
  3209 | D:4      | Noticed an ogre
  3311 | D:4      | Found a bloodstained altar of Trog.
  3311 | D:4      | Noticed an eye of draining
  3311 | D:4      | Noticed an eye of draining
  3320 | D:4      | Reached XP level 5. HP: 16/31 MP: 0/7
  3599 | D:4      | Killed an eye of draining
  3599 | D:4      | Reached skill level 5 in Staves
  3599 | D:4      | Reached skill level 5 in Dodging
  3613 | D:4      | Killed an eye of draining
  3613 | D:4      | Reached XP level 6. HP: 37/37 MP: 0/8
  3619 | D:4      | Learned a level 2 spell: Ensorcelled Hibernation
  3818 | D:4      | Found a transporter.
  4062 | D:5      | Entered Level 5 of the Dungeon
  4084 | D:5      | Reached skill level 1 in Spellcasting
  4084 | D:5      | Reached skill level 1 in Hexes
  4127 | D:5      | Reached XP level 7. HP: 30/41 MP: 9/11
  4303 | D:5      | Gained mutation: You expend magic power (3 MP) to
                  | strengthen your wands. [potion of mutation]
  4303 | D:5      | Gained mutation: Your spells are a little harder to cast,
                  | but a little more powerful. [potion of mutation]
  4303 | D:5      | HP: 1/41 [orc priest/divine providence (11)]
  4305 | D:5      | Slain by an orc priest

Skill      XL: |  1  2  3  4  5  6 |
---------------+-------------------+-----
Dodging        | 4 5 |  5.6
Fighting       | 2 3 |  3.3
Staves         | 4 5 |  5.9
Spellcasting   | 1 |  1.5
Hexes          | 2 |  2.3
Throwing       | |  2.0

Action                   |  1- 3 |  4- 6 |  7- 9 || total
-------------------------+-------+-------+-------++-------
Melee: Quarterstaff      |   140 |   160 |    19 ||   319
 Cast: Ensorcelled Hiber |       |     3 |       ||     3
Evoke: Wand              |       |     2 |       ||     2
  Use: Scroll            |     6 |     1 |       ||     7
       Potion            |       |     2 |     2 ||     4
 Stab: Sleeping          |     1 |     1 |       ||     2
  Eat: Chunk             |     3 |     4 |     1 ||     8
       Ration            |       |     1 |       ||     1
Armor: Leather armour    |    43 |    38 |     1 ||    82
Dodge: Dodged            |   113 |   133 |     8 ||   254
Block: Other             |       |    17 |     3 ||    20
